AoeStats
← EarthquakE

Pilgrims

509729546Analyzed
4v4 RM · 6d ago on Sep 27, 2026· 32m 1s· 8 players
Game mode
Random Map
Map size
Large (8 player)
Population
200
Speed
Normal
Resources
Standard
Victory
Conquest
Starting age
Dark Age
Ending age
Imperial Age
RankedLock teamsTeams togetherTeam positionsShared explorationLock speedFull tech treeHidden civsTurbo modeCheats
Victory
Defeat
🇧🇾 Armenians · Belarus
1246
+10
🇹🇷 Lithuanians · Türkiye
1213
+11
🇸🇪 Varangians · Sweden
1210
+11
🇧🇾 Saracens · Belarus
1133
+15
1158
-14
🇨🇦 Romans · Canada
1111
-12
🇬🇧 Vietnamese · United Kingdom
1087
-11
🇦🇺 Japanese · Australia
1066
-10
balas351
11:50 Feudal Age
15:36 Loom
18:01 Wheelbarrow
20:53 Castle Age
18:40 Fishing Lines
19:43 Forging
19:49 Double-Bit Axe
22:36 Medium Warships
23:44 Gold Mining
23:44 Stone Mining
25:58 Bow Saw
27:29 Gold Shaft Mining
27:11 Scale Barding Armor
29:08 Iron Casting
31:43 Chain Barding Armor
The Outpost Man
14:28 Feudal Age
16:07 Double-Bit Axe
16:17 Fishing Lines
20:18 Castle Age
19:00 Gold Mining
19:03 Stone Mining
19:03 Loom
19:54 Wheelbarrow
21:20 Bow Saw
22:00 Gillnets
23:17 Hand Cart
25:09 Stone Shaft Mining
25:08 Fletching
25:18 Padded Archer Armor
28:38 Bodkin Arrow
28:59 Leather Archer Armor
29:33 Bloodlines
29:31 Husbandry
31:37 Ballistics
EarthquakE
11:26 Loom
13:21 Feudal Age
14:34 Double-Bit Axe
14:41 Gold Mining
16:42 Fishing Lines
22:59 Castle Age
23:03 Demolition Ship
23:56 Medium Warships
27:58 Imperial Age
27:21 Forging
27:16 Scale Barding Armor
27:46 Gillnets
29:18 Wheelbarrow
29:28 Heavy Warships
30:25 Conscription
29:53 Horse Collar
30:24 Bow Saw
30:36 Chain Barding Armor
32:02 Bloodlines
31:52 Husbandry
Turmaliner
11:51 Feudal Age
13:09 Wheelbarrow
12:27 Double-Bit Axe
12:29 Horse Collar
14:00 Fishing Lines
15:56 Gold Mining
16:56 Loom
21:08 Castle Age
19:05 Stone Mining
18:49 Pikeman
20:06 Arson
20:25 Scale Mail Armor
21:01 Man-at-Arms
21:25 Halberdier
22:06 Fletching
23:31 Bodkin Arrow
23:54 Hand Cart
24:41 Squires
26:31 Bow Saw
28:50 Gold Shaft Mining
28:18 Heavy Plow
29:36 Elite Skirmisher
30:03 Gambesons
31:15 Murder Holes
32:33 Ballistics
Frosty Eh
10:10 Loom
13:52 Feudal Age
14:39 Double-Bit Axe
14:50 Town Watch
15:47 Gold Mining
15:52 Stone Mining
18:35 Wheelbarrow
24:18 Castle Age
25:19 Forging
25:15 Scale Barding Armor
25:12 Scale Mail Armor
25:37 Bow Saw
27:03 Gold Shaft Mining
28:12 Horse Collar
30:36 Chain Mail Armor
30:56 Pikeman
31:36 Squires
The Spirit of Bonnie Blue
4:09 Loom
11:01 Feudal Age
14:34 Castle Age
14:00 Wheelbarrow
17:38 Double-Bit Axe
24:04 Bow Saw
23:58 Husbandry
24:58 Forging
27:19 Iron Casting
28:33 Gold Mining
32:25 Imperial Age
30:08 Town Watch
31:09 Scale Barding Armor
32:19 Chain Barding Armor
StinkyNewt
8:19 Loom
15:06 Feudal Age
15:33 Double-Bit Axe
19:40 Castle Age
20:13 Fishing Lines
20:01 Crossbowman
21:06 Fletching
23:26 Bodkin Arrow
23:51 Horse Collar
34:15 Imperial Age
Rido
7:04 Loom
13:26 Feudal Age
14:55 Fishing Lines
16:31 Wheelbarrow
16:03 Double-Bit Axe
21:27 Castle Age
23:09 Bow Saw
23:41 Hand Cart
23:39 Fletching
23:35 Horse Collar
25:03 Town Watch
27:39 Bodkin Arrow
30:31 Heavy Plow
Connection lost

Rejoining the realm…

Still unreachable

The connection could not be restored.

Session expired

The server has moved on; the page needs a fresh start.